 Dungeon Crawl Stone Soup version 0.21.1-1-g345015fe64 (webtiles) character file.

93 Kejsarherre the Conjurer (level 4, 0/33 HPs)
             Began as a Mummy Conjurer on May 12, 2018.
             Slain by a goblin (3 damage)
             ... led by Robin
             ... on level 2 of the Dungeon.
             The game lasted 00:03:51 (1383 turns).

Kejsarherre the Conjurer (Mummy Conjurer)           Turns: 1383, Time: 00:03:51

Health: 0/33       AC:  3    Str: 11    XL:     4   Next: 37%
Magic:  3/9        EV: 12    Int: 15    God:
Gold:   87         SH:  0    Dex: 12    Spells: 7/10 levels left

rFire    x . .     SeeInvis .   e - +0 whip
rCold    + . .     Gourm    .   (no shield)
rNeg     + + +     Faith    .   a - +0 robe
rPois    ∞         Spirit   .   i - +0 helmet
rElec    .         Reflect  .   (no cloak)
rCorr    .         Harm     .   (no gloves)
MR       .....                  (no boots)
Stlth    ++........             h - amulet of magic regeneration
HPRegen  0.11/turn              (no ring)
MPRegen  0.36/turn              (no ring)

@: no status effects
A: no food or potions, fire vulnerability, cold resistance 1, negative energy
resistance 3, torment resistance, unbreathing
a: no special abilities


You were on level 2 of the Dungeon.
You were not hungry.

You visited 1 branch of the dungeon, and saw 2 of its levels.

You collected 87 gold pieces.

Inventory:

Hand Weapons
 e - a +0 whip (weapon)
Armour
 a - a +0 robe (worn)
 i - a +0 helmet (worn)
Jewellery
 h - an amulet of magic regeneration (around neck)
Wands
 k - a wand of acid (5)
Scrolls
 c - 2 scrolls of enchant weapon {unknown}
 d - 2 scrolls of identify {unknown}
 f - a scroll of fog {unknown}
 g - a scroll of amnesia {unknown}
 j - a scroll of magic mapping {unknown}
Books
 b - a book of Conjurations

   Spells                             Type                      Level
   a - Magic Dart                     Conjuration                  1
   b - Searing Ray                    Conjuration                  2
   c - Dazzling Spray                 Conjuration/Hexes            3
   d - Fulminant Prism                Conjuration/Hexes            4
   e - Force Lance                    Conjuration/Translocation    4
   f - Iskenderun's Mystic Blast      Conjuration                  4


   Skills:
 + Level 1.8 Fighting
 - Level 1.5 Dodging
 - Level 1.5 Stealth
 + Level 3.7 Spellcasting
 * Level 4.1 Conjurations


You had 7 spell levels left.
You knew the following spells:

 Your Spells              Type           Power        Failure   Level  Hunger
a - Magic Dart            Conj           ###.         3%          1    N/A
b - Searing Ray           Conj           ###...       4%          2    N/A

Dungeon Overview and Level Annotations

Branches:
Dungeon (2/15)

Altars:
Wu Jian


Innate Abilities, Weirdness & Mutations

You do not eat or drink.
Your flesh is vulnerable to fire.
You are immune to poison.
Your flesh is cold resistant. (rC+)
You are immune to negative energy. (rN+++)
You are immune to unholy pain and torment.
You can survive without breathing.


Message History

The hobgoblin closely misses you.
Robin roars a battlecry!
The goblin goes into a battle-frenzy!
The goblin misses you.
You can't drink.
The searing ray hits Robin.
You kill Robin!
You finish channeling your searing ray.
The hobgoblin barely misses you. The goblin barely misses you.
Unknown command.
Okay, then.
Casting: Searing Ray
Confirm with . or Enter, or press ? or * to list all spells.
Aiming: Magic Dart
Press: ? - help, Shift-Dir - straight line, f - goblin
Aim: a goblin (unusually strong)
The magic dart hits the goblin.
The goblin is heavily wounded.
The hobgoblin barely misses you. The goblin hits you.
You die...

########## #
.........# ##
########.# ##.
###.### ##.#
####.....#######.##
#)@g.###......<..#
#g##.# #.#######.##
#g #.###.# ##.# #.
#.....# ##. ..
###.### ###### ##
#.# ##(...÷ #.#
##[!.### #.#
##.###.##
####.####.## ##.#


You could see a hobgoblin and 2 goblins.

Vanquished Creatures
  Jessica (D:2)
  Robin (D:2)
  3 adders (D:2)
  A leopard gecko (D:1)
  3 bats
  2 giant cockroaches
  6 goblins
  3 hobgoblins (D:1)
  4 kobolds
  A ball python (D:1)
  3 frilled lizards
  2 rats (D:1)
30 creatures vanquished.

Notes
Turn   | Place    | Note
-------+----------+-------------------------------------------
     0 | D:1      | Kejsarherre the Mummy Conjurer began the quest for the Orb.
     0 | D:1      | Reached XP level 1. HP: 13/13 MP: 4/4
   432 | D:1      | Reached XP level 2. HP: 20/20 MP: 3/5
   851 | D:2      | Reached skill level 1 in Fighting
   855 | D:2      | Learned a level 2 spell: Searing Ray
   922 | D:2      | Reached XP level 3. HP: 26/26 MP: 3/7
   984 | D:2      | Found an ornate altar of the Wu Jian Council.
  1195 | D:2      | Noticed Jessica
  1200 | D:2      | Killed Jessica
  1200 | D:2      | Reached skill level 4 in Conjurations
  1202 | D:2      | Reached XP level 4. HP: 30/32 MP: 4/9
  1369 | D:2      | Noticed Robin
  1382 | D:2      | Killed Robin
  1383 | D:2      | Slain by a goblin

Skill      XL: |  1  2  3 |
---------------+----------+-----
Spellcasting   | 3 |  3.7
Fighting       | 1 |  1.8
Conjurations   | 4 |  4.1
Dodging        | |  1.5
Stealth        | |  1.5

Action                   |  1- 3 |  4- 6 || total
-------------------------+-------+-------++-------
Melee: Unarmed           |    22 |       ||    22
       Whip              |       |    14 ||    14
 Cast: Magic Dart        |    55 |     4 ||    59
       Searing Ray       |     1 |     2 ||     3
Armor: Robe              |     6 |     5 ||    11
Dodge: Dodged            |    39 |    16 ||    55
